 Dungeon Crawl Stone Soup version 0.28.0-43-g3370ac3207 (console) character file.

Game seed: 13829863934960505893

6 Zeor the Conjurer (level 1, 0/7 HPs)
             Began as a Felid Conjurer on Mar 17, 2022.
             Frozen to death by an endoplasm (2 damage)
             ... on level 1 of the Dungeon.
             The game lasted 00:00:52 (164 turns).

Zeor the Conjurer (Felid Conjurer)                   Turns: 164, Time: 00:00:52

Health: 0/7        AC:  1    Str:  3    XL:     1   Next: 75%
Magic:  2/4        EV: 17    Int: 19    God:
Gold:   0          SH:  0    Dex: 14    Spells: 3/4 levels left
                                        Lives:  0   Deaths: 0

rFire   . . .      SeeInvis +   (weapon unavailable)
rCold   . . .      Faith    .   (shield unavailable)
rNeg    . . .      Spirit   .   (armour unavailable)
rPois   .          Reflect  .   (helmet unavailable)
rElec   .          Harm     .   (cloak unavailable)
rCorr   .          Rampage  .   (gloves unavailable)
Will    .....                   (boots unavailable)
Stlth   ++........              (no amulet)
HPRegen 0.02/turn               (no ring)
MPRegen 0.09/turn               (no ring)

@: quick
A: very small, claws 1, fangs 3, see invisible, speed 1, shaggy fur 1, stealthy
paws, no weapons or thrown items, no armour, multi-lived
a: no special abilities


You were on level 1 of the Dungeon.
You visited 1 branch of the dungeon, and saw 1 of its levels.

You aren't carrying anything.


   Skills:
 * Level 2.7 Dodging
 + Level 2.7 Stealth
 * Level 2.0 Spellcasting
 + Level 3.9 Conjurations


You had 3 spell levels left.
You knew the following spells:

 Your Spells              Type           Power      Damage    Failure   Level
a - Magic Dart            Conj           64%        1d6       3%          1

Your spell library contained the following spells:

 Spells                   Type           Power      Damage    Failure   Level
 Searing Ray              Conj           32%        2d5       4%          2
 Dazzling Flash           Conj/Hex       18%        N/A       22%         3
 Fulminant Prism          Conj/Hex       4%         3d6       58%         4
 Iskenderun's Mystic Bla  Conj/Tloc      9%         2d4       58%         4


Dungeon Overview and Level Annotations

Branches:
Dungeon (1/15)

Altars:


Innate Abilities, Weirdness & Mutations

You have sharp claws.
You have razor-sharp teeth.
You have supernaturally acute eyesight. (SInv)
You cover ground quickly. (Speed+)
You are covered in fur. (AC +1)
Your paws help you pounce on unaware monsters.
You are incapable of wielding weapons or throwing items.
You cannot wear armour.
You gain extra lives every three experience levels.


Message History

The endoplasm quivers.
The jackal barks!
You hear a bark!
You hear an angry hiss. x2
A jackal comes into view.
A ball python comes into view. x2
You hear an angry hiss.
A frilled lizard comes into view.
You barely miss the jackal. You bite the jackal.
The jackal is heavily wounded.
The jackal barely misses you. x2; The jackal misses you.
Found a whip.
The jackal barely misses you. The jackal misses you.
Unknown command.
Found 23 bolts.
The jackal barely misses you.
A hobgoblin comes into view.
The jackal barely misses you. The ball python misses you. x2
An endoplasm comes into view.
The jackal bites you. The ball python barely misses you. x2
The frilled lizard closely misses you. The jackal closely misses you.
You aren't carrying any potions.
Aiming: Magic Dart (safe; 3% risk of failure)
Press: ? - help, Q - select action Shift-Dir - straight line, f/p - jackal
Aim: a jackal (100% to hit)
The magic dart hits the jackal.
The jackal is heavily wounded.
Unknown command.
Aiming: Magic Dart (safe; 3% risk of failure)
Press: ? - help, Q - select action Shift-Dir - straight line, f/p - jackal
Aim: a jackal (100% to hit)
The magic dart hits the jackal.
The jackal is almost dead.
The jackal closely misses you. The jackal bites you.
* * * LOW HITPOINT WARNING * * *
You aren't carrying any potions.
You aren't carrying any scrolls.
The jackal closely misses you.
An endoplasm comes into view.
The jackal closely misses you. The jackal barely misses you.
The endoplasm freezes you.
You are frozen.
You die...

▒▒▒▒▒▒▒▒▒
∙∙J∙∙∙∙∙▒▒▒▒
▒∙∙∙∙▒ ▒S▒▒∙▒
▒h▒▒∙▒
▒∙▒▒S▒▒▒▒∙▒▒
▒▒▒h▒▒h∙∙∙∙∙∙∙
▒∙∙∙J∙∙∙∙∙∙∙∙∙
▒∙▒▒▒J▒▒▒∙▒▒▒▒
∙∙∙ ▒∙▒ ∙▒▒
▒▒▒▒
▒∙▒∙▒▒▒∙▒▒∙∙∙▒
▒∙∙∙▒
▒∙▒∙∙∙∙∙∙∙∙▒ ∙
▒∙∙∙∙∙ ▒
▒▒▒∙▒∙▒▒∙∙∙▒▒
▒▒▒▒∙∙∙∙∙∙
▒∙▒∙▒ ∙▒▒
∙∙∙∙∙∙†∙∙
▒∙▒∙▒ ▒


You could see 2 endoplasms, a jackal and a ball python.

Vanquished Creatures
  A hobgoblin (D:1)
  3 jackals (D:1)
  A rat (D:1)
5 creatures vanquished.

Notes
Turn   | Place    | Note
-------+----------+-------------------------------------------
     0 | D:1      | Zeor the Felid Conjurer began the quest for the Orb.
     0 | D:1      | Reached XP level 1. HP: 7/7 MP: 4/4
   164 | D:1      | Frozen to death by an endoplasm

Illustrated notes

Levels and vault maps discovered:
D:1:      dpeg_arrival_short_road, layout_loops_ring

Action                   || total
-------------------------++-------
Melee: Unarmed           ||     8
       Bite              ||     1
 Cast: Magic Dart        ||    13
Armor: Skin              ||     1
Dodge: Dodged            ||    29
